 Dungeon Crawl Stone Soup version 0.23-a0-550-g7de1f8e (webtiles) character file.

413 GroovyGamera the Covered (level 6, -3/40 HPs)
             Began as a Gargoyle Fighter on Dec 8, 2018.
             Slain by a hornet (4 damage)
             ... on level 4 of the Dungeon.
             The game lasted 00:05:46 (2112 turns).

GroovyGamera the Covered (Gargoyle Fighter)         Turns: 2112, Time: 00:05:46

Health: -3/40      AC: 16    Str: 24    XL:     6   Next: 91%
Magic:  6/6        EV:  4    Int: 11    God:
Gold:   217        SH: 10    Dex:  9    Spells: 5/5 levels left

rFire    . . .     SeeInvis .   a - +0 war axe
rCold    . . .     Gourm    .   c - +0 shield
rNeg     + . .     Faith    .   o - +0 plate armour
rPois    ∞         Spirit   .   (no helmet)
rElec    +         Reflect  .   v - scarf {repulsion}
rCorr    .         Harm     .   (no gloves)
MR       .....                  (no boots)
Stlth    ..........             (no amulet)
HPRegen  0.13/turn              (no ring)
MPRegen  0.10/turn              (no ring)

@: mighty, repel missiles
A: negative energy resistance 1, electricity resistance, unbreathing,
petrification resistance, rot immunity, AC +4
a: no special abilities


You were on level 4 of the Dungeon.
You were not hungry.

You visited 1 branch of the dungeon, and saw 4 of its levels.

You collected 217 gold pieces.

Inventory:

Hand Weapons
 a - a +0 war axe (weapon)
Missiles
 k - 7 curare-tipped needles
Armour
 c - a +0 shield (worn)
 o - a +0 plate armour (worn)
 v - a scarf of repulsion (worn)
Wands
 q - a wand of flame (15)
 u - a wand of random effects (18)
Scrolls
 b - a scroll of magic mapping
 e - 4 scrolls of teleportation
 h - 2 scrolls of identify
 l - a scroll of amnesia {unknown}
Potions
 g - 2 potions of mutation
 i - a potion of ambrosia {unknown}
 j - a potion of brilliance {unknown}
 n - a potion of curing {unknown}
 s - 2 potions of lignification
Comestibles
 f - 3 rations
 p - 7 chunks of flesh


   Skills:
 + Level 5.1 Fighting
 + Level 3.6 Axes
 + Level 5.1 Armour
 - Level 4.4 Shields


You had 5 spell levels left.
You didn't know any spells.
Your spell library was empty.

Dungeon Overview and Level Annotations

Branches:
Dungeon (4/15)
 Temple: D:4-7

Altars:
Wu Jian


Innate Abilities, Weirdness & Mutations

You are resistant to torment.
Your stone body is resilient. (AC +4)
You are immune to poison.
You resist negative energy. (rN+)
You are resistant to electric shocks. (rElec)
You can survive without breathing.
You are immune to petrification.
You are immune to rotting.


Message History

You hit the hornet but do no damage.
The hornet stings you but does no damage. x2
Some of the chunks of flesh in your inventory have rotted away.
You feel very mighty all of a sudden. The hornet stings you!
You block the hornet's attack.
Your plate armour prevents you from hitting the hornet.
The hornet stings you but does no damage.
The hornet stings you.
* * * LOW HITPOINT WARNING * * *
You slice the hornet!!
The hornet is heavily wounded.
The hornet stings you but does no damage.
The hornet stings you!
* * * LOW HITPOINT WARNING * * *
You closely miss the hornet.
The hornet is heavily wounded.
You slash the dart slug! The hornet stings you.
* * * LOW HITPOINT WARNING * * *
The hornet stings you.
You die...

.# #. .# ..# .#
#... .###
...#####...
..........
#....#######.
##...........
#w@..........
......y##.#######.
.....#. #>#
.......##.### ..#
###.....# .
#.#.#.#######.
#.#...........
#.#.#.#######.
#..# #.....#


You could see a hornet and a dart slug.

Vanquished Creatures
  Sigmund (D:2)
  A scorpion (D:4)
  A hound (D:4)
  An iguana (D:4)
  A worker ant (D:4)
  7 adders
  A worm (D:2)
  A dart slug (D:2)
  4 orcs (D:3)
  9 bats
  7 giant cockroaches
  6 goblins
  6 hobgoblins
  3 jackals (D:3)
  2 quokkas
  A frilled lizard (D:3)
  7 kobolds
  3 rats
62 creatures vanquished.

Notes
Turn   | Place    | Note
-------+----------+-------------------------------------------
     0 | D:1      | GroovyGamera the Gargoyle Fighter began the quest for the
                  | Orb.
     0 | D:1      | Reached XP level 1. HP: 14/14 MP: 1/1
   210 | D:1      | Reached XP level 2. HP: 19/19 MP: 2/2
  1093 | D:2      | Reached XP level 3. HP: 23/23 MP: 3/3
  1094 | D:2      | Found an ornate altar of the Wu Jian Council.
  1397 | D:2      | Noticed Sigmund
  1408 | D:2      | Killed Sigmund
  1408 | D:2      | Reached XP level 4. HP: 26/30 MP: 4/4
  1408 | D:2      | Reached XP level 5. HP: 29/34 MP: 5/5
  1473 | D:2      | Reached XP level 6. HP: 30/39 MP: 6/6
  2035 | D:4      | Reached skill level 5 in Fighting
  2035 | D:4      | Reached skill level 5 in Armour
  2103 | D:4      | Noticed a hornet
  2112 | D:4      | HP: 1/40 [hornet (3)]
  2112 | D:4      | Slain by a hornet

Vault maps used:
D:1:      dpeg_arrival_chase
D:2:      marbit_many_paths, first_ration, uniq_sigmund
D:4:      lemuel_doored_altar

Skill      XL: |  1  2  3  4  5  6 |
---------------+-------------------+-----
Axes           | 2 3 |  3.6
Fighting       | 4 5 |  5.1
Armour         | 4 5 |  5.1
Shields        | 4 |  4.4

Action                   |  1- 3 |  4- 6 || total
-------------------------+-------+-------++-------
Melee: War axe           |   116 |   126 ||   242
  Use: Potion            |     1 |     1 ||     2
       Scroll            |       |     7 ||     7
  Eat: Chunk             |     2 |     2 ||     4
Armor: Scale mail        |    16 |       ||    16
       Plate armour      |   102 |   112 ||   214
Dodge: Dodged            |    18 |    17 ||    35
Block: Shield            |    70 |    68 ||   138

Table legend:
 A = Non-vault XP
 B = Vault XP
 C = Vault XP percentage of total XP
 D = Non-vault monster count
 E = Vault monster count
 F = Vault count percentage of total count
                 A         B        C        D         E       F
            +---------+---------+-------+---------+---------+-------
      Total |     367 |     224 |  37.9 |      60 |       2 |   3.2
            +---------+---------+-------+---------+---------+-------
        D:1 |      22 |       0 |   0.0 |      13 |       0 |   0.0
        D:2 |      79 |     224 |  73.9 |      19 |       2 |   9.5
        D:3 |      77 |       0 |   0.0 |      22 |       0 |   0.0
        D:4 |     189 |       0 |   0.0 |       6 |       0 |   0.0
            +---------+---------+-------+---------+---------+-------
